 Dungeon Crawl Stone Soup version 0.28.0-45-g0d030f2227 (webtiles) character file.

Game seed: 3995026668134200167

550 DuloT34 the Ducker (level 7, -2/52 HPs)
             Began as a Djinni Fire Elementalist on May 26, 2022.
             Was an Initiate of Ashenzari.
             Slain by a centaur warrior zombie (6 damage)
             ... on level 5 of the Dungeon.
             The game lasted 00:09:23 (5743 turns).

DuloT34 the Ducker (Djinni Fire Elementalist)       Turns: 5743, Time: 00:09:24

Health: -2/52      AC:  3    Str:  7    XL:     7   Next: 54%
Gold:   242        EV: 18    Int: 19    God:    Ashenzari [......] SH:  0 Dex: 13

rFire   + + .      SeeInvis .   h - +2 short sword (elec)
rCold   x . .      Faith    .   (no shield)
rNeg    . . .      Spirit   .   a - +1 robe
rPois   ∞          Reflect  .   (no helmet)
rElec   .          Harm     .   (no cloak)
rCorr   .          Rampage  .   (no gloves)
Will    .....                   (boots unavailable)
Stlth   ++........              (no amulet)
HPRegen 0.17/turn               j - +4 ring of evasion
MPRegen 0.00/turn               (no ring)

@: attractive, flying
A: sickness immunity, fire resistance 2, cold vulnerability 1, float, innate
caster, HP casting, extra vitality 1
a: Renounce Religion


You were on level 5 of the Dungeon.
You worshipped Ashenzari.
Ashenzari was noncommittal.
You visited 2 branches of the dungeon, and saw 6 of its levels.

You collected 242 gold pieces.

Inventory:

Hand Weapons
 c - a +0 dagger
 h - a +2 short sword of electrocution (weapon)
Armour
 a - a +1 robe (worn)
Jewellery
 j - a +4 ring of evasion (left hand)
Wands
 p - a wand of mindburst (7)
Scrolls
 f - 3 scrolls of identify
 k - a scroll of silence {unknown}
 l - a scroll of amnesia {unknown}
 m - 2 scrolls of enchant weapon {unknown}
 r - a scroll of teleportation {unknown}
 s - a scroll of noise {unknown}
Potions
 b - a potion of cancellation
 d - a potion of magic
 e - a potion of curing
 g - a potion of heal wounds {unknown}
 i - a potion of attraction
 n - 2 potions of degeneration {unknown}
 o - a potion of brilliance {unknown}
 q - a potion of might {unknown}


   Skills:
 + Level 4.1 Fighting
 + Level 5.2 Dodging
 - Level 1.5 Stealth
 + Level 4.0 Spellcasting


You couldn't memorise any spells.
You knew the following spells:

 Your Spells              Type           Power      Damage    Failure   Level
a - Foxfire               Conj/Fire      76%        2x1d7     2%          1
b - Scorch                Fire           38%        2d7       3%          2
c - Conjure Flame         Conj/Fire      19%        6-21      8%          3
d - Inner Flame           Hex/Fire       19%        N/A       8%          3
e - Flame Wave            Conj/Fire      19%        2d6       26%         4
f - Sting                 Tmut/Pois      76%        1d6       2%          1
g - Static Discharge      Conj/Air       19%        N/A       3%          2
h - Wereblood             Tmut           19%        N/A       3%          2
Your spell library was empty.

Dungeon Overview and Level Annotations

Branches:
Dungeon (5/15)             Temple (1/1) D:5

Altars:
Ashenzari
Dithmenos
Elyvilon
Fedhas
Gozag
Hepliaklqana
Kikubaaqudgha
Makhleb
Nemelex Xobeh
Qazlal
Ru
Sif Muna
Uskayaw
Vehumet
Wu Jian
Xom
Yredelemnul
Zin

Shops:
D:4 ((=(!


Innate Abilities, Weirdness & Mutations

You are immune to sickness and miasma.
You are immune to poison.
Your flesh is very heat resistant. (rF++)
You are vulnerable to cold. (rC-)
You float through the air rather than walking.
You learn spells naturally, not from books.
Your magical power is your life essence.
You have superior vitality. (+4 MHP)


Message History

Flames lash the centaur warrior zombie.
The centaur warrior zombie is burned terribly!
The centaur warrior zombie is heavily damaged.
The centaur warrior zombie hits you!
The centaur warrior zombie closely misses you.
The centaur warrior zombie hits you!
The centaur warrior zombie closely misses you.
Casting: Scorch (safe; 3% risk of failure)
Confirm with . or Enter, or press ? or * to list all spells.
Flames lash the centaur warrior zombie.
The centaur warrior zombie is burned terribly!
The centaur warrior zombie is severely damaged.
* * * LOW HITPOINT WARNING * * *
The centaur warrior zombie barely misses you.
The centaur warrior zombie kicks you.
* * * LOW HITPOINT WARNING * * *
Casting: Scorch (safe; 3% risk of failure)
Confirm with . or Enter, or press ? or * to list all spells.
Flames lash the centaur warrior zombie.
The centaur warrior zombie is burned terribly!
The centaur warrior zombie is almost destroyed.
* * * LOW HITPOINT WARNING * * *
The centaur warrior zombie hits you!
* * * LOW HITPOINT WARNING * * *
The centaur warrior zombie kicks you but does no damage.
It was a potion of magic.
Magic washes over you without effect.
The centaur warrior zombie closely misses you.
The centaur warrior zombie barely misses you.
The centaur warrior zombie misses you. The centaur warrior zombie kicks you.
* * * LOW HITPOINT WARNING * * *
It was a potion of curing.
You feel better. The centaur warrior zombie hits you.
* * * LOW HITPOINT WARNING * * *
The centaur warrior zombie kicks you.
* * * LOW HITPOINT WARNING * * *
There is an open door here.
It was a potion of attraction.
You feel attractive to monsters. The centaur warrior zombie hits you.
You die...

......'......#......'.##..#.#.#.#
.....##......#......####.........
.....#.......#.......##...#......
#+####.......+.......#...........
#.......#.......#....#...>..
##......#......##..#........
+......#......+.....#..^...
##...#####...#####.........
.#+#...#@#.# #..#.#.#.#
#.....Z.### #.........
#...........# ##.####...
##.........## .. .... +.........+
##.......## #.......# ####+####


You could see a centaur warrior zombie (combustible).

Vanquished Creatures
  An ogre (D:5)
  A centaur (D:4)
  A phantom (D:5)
  A kobold brigand (D:5)
  A scorpion (D:4)
  A hound (D:5)
  Ijyb (D:4)
  An iguana (D:5)
  3 adders
  A white imp (D:5)
  A worm (D:2)
  4 dart slugs
  An orc (D:5)
  6 ball pythons
  6 bats
  6 endoplasms
  2 giant cockroaches (D:1)
  4 hobgoblins
  6 jackals (D:1)
  3 quokkas
  3 frilled lizards
  5 goblins
  8 kobolds
  2 rats
69 creatures vanquished.

Vanquished Creatures (others)
  275 foxfires
275 creatures vanquished.

Grand Total: 344 creatures vanquished

Notes
Turn   | Place    | Note
-------+----------+-------------------------------------------
     0 | D:1      | DuloT34 the Djinni Fire Elementalist began the quest for
                  | the Orb.
     0 | D:1      | Reached XP level 1. HP: 15/15 MP: 0/0
   102 | D:1      | Found a faded altar of an unknown god.
   676 | D:1      | Reached XP level 2. HP: 18/22 MP: 0/0
   810 | D:1      | Reached skill level 1 in Fighting
  1646 | D:1      | Reached XP level 3. HP: 24/27 MP: 0/0
  1646 | D:1      | Learned a level 1 spell: Sting
  2520 | D:2      | Reached skill level 3 in Dodging
  2891 | D:2      | Reached XP level 4. HP: 29/33 MP: 0/0
  3837 | D:4      | Noticed a centaur
  3847 | D:4      | Killed a centaur
  3848 | D:4      | Reached XP level 5. HP: 15/39 MP: 0/0
  3848 | D:4      | Learned a level 2 spell: Static Discharge
  4104 | D:4      | Found Boacwuju's Weapon Shop.
  4159 | D:4      | Reached skill level 4 in Dodging
  4159 | D:4      | Reached XP level 6. HP: 39/46 MP: 0/0
  4249 | D:4      | Found Plog's Antique Weapon Emporium.
  4289 | D:4      | Found Cohe's Weapon Boutique.
  4344 | D:4      | Found a shimmering altar of Xom.
  4344 | D:4      | Noticed Ijyb
  4355 | D:4      | Killed Ijyb
  4524 | D:4      | Found an opulent altar of Gozag.
  4618 | D:4      | Found Funablir's Jewellery Shop.
  4725 | D:4      | Found Jeygeto's Distillery.
  4943 | D:5      | Entered Level 5 of the Dungeon
  5184 | D:5      | Reached XP level 7. HP: 34/50 MP: 0/0
  5184 | D:5      | Learned a level 2 spell: Wereblood
  5484 | D:5      | Reached skill level 5 in Dodging
  5670 | D:5      | Found a staircase to the Ecumenical Temple.
  5694 | Temple   | Entered the Ecumenical Temple
  5699 | Temple   | Became a worshipper of Ashenzari the Shackled
  5740 | D:5      | HP: 2/52 [centaur warrior zombie (2)]
  5743 | D:5      | Slain by a centaur warrior zombie

Illustrated notes

Levels and vault maps discovered:
D:1:      zaba_arrival_water, layout_loops_corners,
          ebering_ecumenical_altar_rust
D:2:      layout_rooms, roderic_roman_lattice, minmay_heptomino_d4
D:3:      layout_rooms, amcnicky_mini_rare_corridor_liquid,
          nicolae_underground_beach
D:4:      layout_cave_pools, grunt_temple_overflow_open, serial_shops,
          nicolae_square_shop, kennysheep_little_box, nicolae_shop_stone,
          nicolae_shop_advertising_works [nicolae_subvault_shop_adworks],
          nicolae_shop_bloodbath_and_beyond, uniq_ijyb
D:5:      nicolae_cairo_tiling_very_big, layout_layer_cave,
          minmay_temple_entry_glass
Temple:   minmay_freezing_vapour_temple

Skill      XL: |  1  2  3  4  5  6  7 |
---------------+----------------------+-----
Fighting       | 1 2 3 4 |  4.1
Dodging        | 3 4 5 |  5.2
Spellcasting   | 3 4 |  4.0
Stealth        | |  1.5

Action                   |  1- 3 |  4- 6 |  7- 9 || total
-------------------------+-------+-------+-------++-------
 Cast: Foxfire           |    90 |    80 |     1 ||   171
       Scorch            |    16 |    16 |    20 ||    52
  Use: Scroll            |     3 |     1 |       ||     4
       Potion            |       |       |     3 ||     3
Armor: Robe              |       |     2 |     2 ||     4
Dodge: Dodged            |     9 |    11 |    12 ||    32
